 Dungeon Sprint DCSS version 0.17-a0-1181-gabc46e6 (webtiles) character file.

22361 Kidiri the Slayer (level 12, -2/140 HPs)
             Began as a Minotaur Fighter on May 31, 2015.
             Was the Champion of Qazlal.
             Slain by a dire elephant (27 damage)
             ... in the Dungeon (Sprint V: "Ziggurat Sprint").
             The game lasted 00:20:29 (2283 turns).

Kidiri the Slayer (Minotaur Fighter)                Turns: 2283, Time: 00:20:30

Health: -2/140     AC: 47    Str: 33    XL:     12   Next: 62%
Magic:  13/18      EV:  6    Int:  4    God:    Qazlal [******]
Gold:   0          SH:  8    Dex: 13    Spells: 0 memorised, 11 levels left

rFire  + + +     SeeInvis .     P - +7 great mace "Firestarter" {inner flame, rF++}
rCold  . . .     Clarity  .     M - +15 Maxwell's patent armour {-Cast -Tele rElec MR+ rCorr}
rNeg   + . .     SustAt   .     (no shield)
rPois  +         Gourm    .     (helmet restricted)
rElec  +         Spirit   .     L - +1 ratskin cloak {rPois rN+ Int-1 Dex-1}
rCorr  +         Warding  .     o - +2 pair of gloves {Dex+3}
rMut   .         NoTele   +     R - +1 pair of boots {Stlth+}
MR     +....     NoCast   +     (no amulet)
Stlth  ..........               B - ring of protection from fire
                                E - +6 ring of strength

@: grasped by roots, protected from physical damage, studying Stealth, repel
missiles, very slow, somewhat resistant to hostile enchantments, extremely
unstealthy
A: retaliatory headbutt, horns 2, rugged brown scales 1, strong 1
a: Upheaval, Elemental Force, Disaster Area, Renounce Religion


You were in the Dungeon.
You worshipped Qazlal.
Qazlal was exalted by your worship.
You were not hungry.

You visited 1 branch

Inventory:

Hand weapons
 J - the +6 Majin-Bo {vamp, Archmagi MP+6 Int+6}
   (You found it in the Dungeon)

   It inflicts no extra harm, but heals its wielder somewhat when it strikes a
   living foe.
   It affects your intelligence (+6).
   It affects your magic capacity (+6).
 K - the +10 dark maul {crush}
   (You found it in the Dungeon)

   It inflicts extra damage upon your enemies.
 O - the +13 Mace of Variability {chaos}
   (You found it in the Dungeon)

   Each time it hits an enemy it has a different, random effect.
 P - the +7 great mace "Firestarter" (weapon) {inner flame, rF++}
   (You found it in the Dungeon)

   It has been specially enchanted to burn those struck by it, causing extra
   injury to most foes and up to half again as much damage against particularly
   susceptible opponents.
   It greatly protects you from fire.
 Q - the +6 shillelagh "Devastator" {shatter}
   (You found it in the Dungeon)
Armour
 o - a +2 pair of gloves of dexterity (worn)
 L - the +1 ratskin cloak (worn) {rPois rN+ Int-1 Dex-1}
   (You found it in the Dungeon)

   It affects your intelligence (-1).
   It affects your dexterity (-1).
   It protects you from poison.
   It protects you from negative energy.
 M - the +15 Maxwell's patent armour (worn) {-Cast -Tele rElec MR+ rCorr}
   (You found it in the Dungeon)

   It insulates you from electricity.
   It affects your resistance to hostile enchantments.
   It prevents spellcasting.
   It prevents most forms of teleportation.
   It protects you from acid and corrosion.
 N - the +18 shield of the gong {rElec rN+ MR+ EV-5}
   (You found it in the Dungeon)

   It affects your evasion (-5).
   It insulates you from electricity.
   It protects you from negative energy.
   It affects your resistance to hostile enchantments.
 R - a +1 pair of boots of stealth (worn)
Jewellery
 a - the amulet "Doheeck" {Inacc rPois MR+ Str-4 Stlth+}
   (You found it in the Dungeon)

   [amulet of inaccuracy]

   It reduces the accuracy of all your attacks.
   It affects your strength (-4).
   It protects you from poison.
   It affects your resistance to hostile enchantments.
   It makes you more stealthy.
 c - an uncursed ring of protection from cold
 A - a +3 ring of strength
 B - a ring of protection from fire (right hand)
 D - a +6 ring of strength
 E - a +6 ring of strength (left hand)
 U - the ring "Xasuhats" {rElec rC+ MR++ Str-4 Stlth+}
   (You took it off a vault guard in the Dungeon)

   [ring of protection from cold]

   It affects your strength (-4).
   It protects you from cold.
   It insulates you from electricity.
   It affects your resistance to hostile enchantments.
   It makes you more stealthy.
 V - an uncursed ring of ice
 W - an uncursed ring of protection from fire
Magical devices
 F - a wand of disintegration (7)
 G - a wand of fire (4)
 H - a wand of cold (5)
 I - a wand of draining (5)
Scrolls
 b - 2 scrolls of brand weapon
 k - 4 scrolls of blinking
 q - 4 scrolls of amnesia
 r - 4 scrolls of recharging
 s - 7 scrolls of fog
 t - a scroll of holy word
 u - 5 scrolls of identify
 v - 5 scrolls of remove curse
 w - 2 scrolls of fear
 C - 4 scrolls of enchant weapon
Potions
 d - 6 potions of might
 f - 8 potions of curing
 g - a potion of heal wounds
 h - 6 potions of haste
 i - 7 potions of magic
 j - 3 potions of berserk rage
 l - 2 potions of brilliance
 m - 2 potions of invisibility
 n - 4 potions of resistance
 p - 5 potions of agility
Books
 y - a manual of Stealth
Comestibles
 e - 5 bread rations
 x - 42 fruits
 z - 3 meat rations


   Skills:
 * Level 21.5 Fighting
 * Level 19.2 Maces & Flails
 * Level 19.3 Armour
 + Level 14.4 Shields
 + Level 9.9 Invocations


You had 11 spell levels left.
You didn't know any spells.

Dungeon Overview and Level Annotations

Branches:
Dungeon (1/1)

Altars:
Ashenzari
Cheibriados
Dithmenos
Elyvilon
Fedhas
Gozag
Kikubaaqudgha
Makhleb
Nemelex Xobeh
Okawaru
Qazlal
Ru
Sif Muna
Trog
Vehumet
Xom
Yredelemnul
Zin
The Shining One
Beogh
Jiyva
Lugonu

Annotations:
D exclusion: 2 oklob plants


Innate Abilities, Weirdness & Mutations

You reflexively headbutt those who attack you in melee.
You have a pair of horns on your head.
You are partially covered in rugged brown scales (AC +1, +3% HP).
Your muscles are strong. (Str +2)


Message History

The spriggan berserker is engulfed in roaring flames.
You block the spriggan berserker's attack.
The dire elephant completely misses you.
You furiously retaliate!
You headbutt the dire elephant, but do no damage.
You block the dire elephant's attack.
The spriggan berserker hits you with a broad axe!!
* * * LOW HITPOINT WARNING * * *
The spriggan berserker is engulfed in roaring flames.
The spriggan berserker hits you with a war axe!
* * * LOW HITPOINT WARNING * * *
Unknown command.
You bludgeon the dire elephant!! You burn the dire elephant!
You headbutt the dire elephant, but do no damage.
The dire elephant is almost dead.
The death yak rages.
You block the death yak's attack.
The dire elephant is engulfed in freezing vapours.
The dire elephant tramples you!!
You die...

▓...b).[PP..▓▓▓▓▓▓▓▓▓▓
▓...).}|)...▓...8©8.§.
▓...........▓..)..}...
▓...........▓...§}§...
▓.§......b§.▓....)§(..
▓........§..▓...)(.)).
..▓.i.).▓..▓....((...
▓.▓if)▓.▓ ▓..(.(....
▓..▓Y@YY.▓..▓(▓..(..▓.
▓...§§i§..§.▓..((((...
▓▓▓▓▓▓▓▓▓▓▓▓▓▓▓▓▓▓▓▓▓▓
▓...8©8...▓...8©8...▓.
▓..[}.§§..▓..§):))..▓.
▓..§.=.)..▓..}=§§}..▓.
▓..§..§...▓..§§.....▓.
▓.........▓.........▓.
▓.....[)..▓.........▓.


You could see a dire elephant (frenzied), a shambling mangrove, 2 death yaks, 2
spriggan berserkers and a spriggan air mage.

Vanquished Creatures
  A lich (D)
  A shadow dragon (D)
  A stone giant (D)
  8 vault guards (D)
  An anaconda (D)
  A centaur warrior (D)
  A spriggan air mage (D)
  A thrashing horror (D)
  A spriggan berserker (D)
  A spriggan (D)
  A wretched star (D)
  2 spriggan druids (D)
  A deep elf conjurer (D)
  2 wolf spiders (D)
  2 cyclopes (D)
  A sixfirhy (D)
  A black mamba (D)
  A naga mage (D)
  3 yaktaurs (D)
  A jumping spider (D)
  A dryad (D)
  2 merfolk (D)
  3 wind drakes (D)
  An air elemental (D)
  A redback (shapeshifter) (D)
  A yak (D)
  2 hippogriffs (D)
  A naga (D)
  A wolf (D)
  A hell hound (D)
  2 water moccasins (D)
  A wasp (D)
  2 centaurs (D)
  A giant frog (D)
  3 scorpions (D)
  A crimson imp (D)
  2 quasits (D)
  An orc priest (D)
  2 sheep (D)
  3 adders (D)
  A shadow imp (D)
  A white imp (D)
  An ufetubus (D)
  A spectral adder (D)
  An adder zombie (D)
  An adder skeleton (D)
  3 orcs (D)
  A ball python (D)
74 creatures vanquished.

Vanquished Creatures (collateral kills)
  A dryad (D)
1 creature vanquished.

Vanquished Creatures (others)
  A spriggan air mage (D)
  A deep elf conjurer (D)
  A yaktaur (D)
  A water elemental (D)
  2 deep elf fighters (D)
  A deep elf mage (D)
  A fungus (D)
8 creatures vanquished.

Grand Total: 83 creatures vanquished

Notes
Turn   | Place    | Note
--------------------------------------------------------------
     0 | D        | Kidiri the Minotaur Fighter began the quest for the Orb.
     0 | D        | Reached XP level 1. HP: 19/19 MP: 0/0
     0 | D        | Found a roughly hewn altar of Beogh.
     0 | D        | Found a viscous altar of Jiyva.
     0 | D        | Found a corrupted altar of Lugonu.
     0 | D        | Found a white marble altar of Elyvilon.
     0 | D        | Found a sparkling altar of Nemelex Xobeh.
     1 | D        | Found a burning altar of Makhleb.
     1 | D        | Found an iron altar of Okawaru.
     1 | D        | Found a deep blue altar of Sif Muna.
     1 | D        | Found a radiant altar of Vehumet.
     1 | D        | Found a bloodstained altar of Trog.
     1 | D        | Found a shimmering altar of Xom.
   116 | D        | Became a worshipper of Qazlal Stormbringer
   119 | D        | Reached skill level 5 in Fighting
   119 | D        | Reached skill level 5 in Maces & Flails
   119 | D        | Reached skill level 6 in Armour
   119 | D        | Reached XP level 2. HP: 23/30 MP: 1/1
   189 | D        | Entered arena 1.
   189 | D        | Noticed a giant frog
   191 | D        | Killed a giant frog
   191 | D        | Reached skill level 7 in Fighting
   191 | D        | Reached skill level 5 in Shields
   191 | D        | Reached XP level 3. HP: 34/39 MP: 2/2
   197 | D        | Reached XP level 4. HP: 31/47 MP: 3/3
   202 | D        | Got the amulet "Doheeck" {Inacc rPois MR+ Str-4 Stlth+}
   301 | D        | Entered arena 2.
   301 | D        | Noticed a wretched star
   301 | D        | Noticed a crimson imp
   303 | D        | Acquired Qazlal's first power
   311 | D        | Killed a wretched star
   311 | D        | Reached skill level 10 in Fighting
   311 | D        | Reached skill level 10 in Maces & Flails
   311 | D        | Reached skill level 10 in Armour
   311 | D        | Reached XP level 5. HP: 24/47 MP: 4/4
   311 | D        | Reached XP level 6. HP: 27/53 MP: 5/5
   311 | D        | Reached XP level 7. HP: 29/58 MP: 6/6
   316 | D        | Killed a crimson imp
   316 | D        | Reached skill level 11 in Fighting
   627 | D        | Entered arena 3.
   627 | D        | Noticed an orc priest
   629 | D        | Killed an orc priest
   630 | D        | Acquired Qazlal's second power
   716 | D        | Entered arena 4.
   716 | D        | Noticed a quasit
   716 | D        | Noticed a sixfirhy
   716 | D        | Noticed a thrashing horror
   720 | D        | Killed a sixfirhy
   720 | D        | Acquired Qazlal's third power
   720 | D        | Reached XP level 8. HP: 43/83 MP: 7/7
   722 | D        | Killed a thrashing horror
   722 | D        | Killed a quasit
   722 | D        | Reached skill level 12 in Fighting
   919 | D        | Entered arena 5.
   919 | D        | Noticed a hell hound
   919 | D        | Noticed a quasit
   929 | D        | Killed a hell hound
   929 | D        | Acquired Qazlal's fourth power
   933 | D        | Killed a quasit
   968 | D        | Entered arena 6.
   968 | D        | Noticed a hippogriff
   968 | D        | Noticed a merfolk
   968 | D        | Noticed a hippogriff
   968 | D        | Noticed a centaur
   968 | D        | Noticed a merfolk
   971 | D        | Reached skill level 13 in Armour
   975 | D        | Killed a centaur
   975 | D        | Reached skill level 10 in Shields
   975 | D        | Reached skill level 1 in Invocations
   977 | D        | Killed a merfolk
   977 | D        | Killed a hippogriff
   977 | D        | Acquired Qazlal's fifth power
   977 | D        | Reached XP level 9. HP: 83/93 MP: 7/9
   979 | D        | Killed a hippogriff
   979 | D        | Killed a merfolk
  1024 | D        | Entered arena 7.
  1024 | D        | Noticed a scorpion
  1024 | D        | Noticed a wolf spider
  1024 | D        | Noticed a scorpion
  1024 | D        | Noticed a wolf spider
  1024 | D        | Noticed a scorpion
  1024 | D        | Noticed a jumping spider
  1027 | D        | Killed a jumping spider
  1028 | D        | Killed a scorpion
  1031 | D        | Killed a scorpion
  1031 | D        | Reached skill level 14 in Armour
  1033 | D        | Killed a wolf spider
  1033 | D        | Killed a scorpion
  1034 | D        | Killed a wolf spider
  1221 | D        | Entered arena 8.
  1221 | D        | Noticed a deep elf mage
  1221 | D        | Noticed a deep elf conjurer
  1221 | D        | Noticed a ghost crab
  1221 | D        | Noticed a deep elf fighter
  1221 | D        | Noticed a deep elf conjurer
  1221 | D        | Noticed a deep elf fighter
  1223 | D        | Killed a deep elf mage
  1223 | D        | Killed a deep elf fighter
  1224 | D        | a ghost crab changed into a redback
  1224 | D        | Killed a deep elf conjurer
  1225 | D        | Noticed an elephant
  1225 | D        | a redback changed into an elephant
  1225 | D        | Killed a deep elf fighter
  1226 | D        | an elephant changed into a redback
  1227 | D        | Noticed a spectral dire elephant
  1227 | D        | Killed a deep elf conjurer
  1227 | D        | Reached XP level 10. HP: 84/104 MP: 12/12
  1236 | D        | Gained mutation: Your muscles are strong. (Str +2) [mutagenic meat]
  1238 | D        | Gained mutation: You are partially covered in rugged brown scales (AC +1, +3% HP). [mutagenic meat]
  1271 | D        | Entered arena 9.
  1271 | D        | Noticed a yaktaur
  1271 | D        | Noticed a yaktaur
  1271 | D        | Noticed a cyclops
  1271 | D        | Noticed a centaur
  1271 | D        | Noticed a yaktaur
  1271 | D        | Noticed a centaur warrior
  1271 | D        | Noticed a yaktaur
  1271 | D        | Noticed a cyclops
  1275 | D        | Killed a yaktaur
  1278 | D        | Killed a yaktaur
  1279 | D        | Killed a centaur warrior
  1279 | D        | Killed a cyclops
  1279 | D        | Reached skill level 15 in Armour
  1279 | D        | Reached skill level 15 in Fighting
  1279 | D        | Reached skill level 15 in Maces & Flails
  1279 | D        | Reached skill level 5 in Invocations
  1282 | D        | Killed a yaktaur
  1285 | D        | Killed a centaur
  1285 | D        | Killed a cyclops
  1290 | D        | Killed a yaktaur
  1596 | D        | Entered arena 10.
  1596 | D        | Noticed a naga
  1596 | D        | Noticed a naga mage
  1596 | D        | Noticed a water moccasin
  1596 | D        | Noticed a black mamba
  1596 | D        | Noticed a water moccasin
  1598 | D        | Killed a black mamba
  1603 | D        | Killed a water moccasin
  1604 | D        | Killed a water moccasin
  1607 | D        | Killed a naga mage
  1607 | D        | Reached skill level 16 in Fighting
  1610 | D        | Killed a naga
  1649 | D        | Entered arena 11.
  1649 | D        | Noticed a wolf
  1649 | D        | Noticed a spriggan berserker
  1649 | D        | Noticed a dryad
  1649 | D        | Noticed a yak
  1649 | D        | Noticed a wind drake
  1649 | D        | Noticed a spriggan air mage
  1650 | D        | Noticed a spriggan air mage
  1650 | D        | Noticed a death yak
  1650 | D        | Noticed a wind drake
  1650 | D        | Noticed a wind drake
  1651 | D        | Noticed a dryad
  1656 | D        | Killed a spriggan berserker
  1656 | D        | Killed a wolf
  1656 | D        | Killed a yak
  1656 | D        | Reached XP level 11. HP: 84/117 MP: 9/14
  1659 | D        | Killed a wind drake
  1659 | D        | Killed a wind drake
  1659 | D        | Killed a dryad
  1660 | D        | Killed a spriggan air mage
  1660 | D        | Reached skill level 17 in Fighting
  1662 | D        | Killed a dryad
  1663 | D        | Killed a wind drake
  1665 | D        | Killed a spriggan air mage
  1809 | D        | Entered arena 12.
  1809 | D        | Noticed a lich
  1809 | D        | Noticed a vault guard
  1809 | D        | Noticed a stone giant
  1809 | D        | Noticed a vault guard
  1809 | D        | Noticed a vault guard
  1810 | D        | Noticed a vault guard
  1810 | D        | Noticed a shadow dragon
  1810 | D        | Noticed a vault guard
  1810 | D        | Noticed a vault guard
  1810 | D        | Noticed a vault guard
  1810 | D        | Noticed a vault guard
  1819 | D        | Killed a lich
  1819 | D        | Reached skill level 18 in Fighting
  1821 | D        | Killed a vault guard
  1828 | D        | Killed a vault guard
  1828 | D        | Reached skill level 19 in Fighting
  1828 | D        | Killed a vault guard
  1831 | D        | Killed a vault guard
  1833 | D        | Killed a shadow dragon
  1833 | D        | Reached skill level 20 in Fighting
  1833 | D        | Reached XP level 12. HP: 52/136 MP: 10/17
  1834 | D        | Killed a vault guard
  1835 | D        | Killed a vault guard
  1840 | D        | Killed a vault guard
  1841 | D        | Killed a vault guard
  1842 | D        | Killed a stone giant
  1842 | D        | Reached skill level 21 in Fighting
  1844 | D        | Got the ring "Xasuhats" {rElec rC+ MR++ Str-4 Stlth+}
  2269 | D        | Entered arena 13.
  2270 | D        | Noticed an anaconda
  2270 | D        | Noticed a shambling mangrove
  2270 | D        | Noticed a spriggan berserker
  2270 | D        | Noticed a dire elephant
  2270 | D        | Noticed a spriggan druid
  2271 | D        | Noticed a spriggan rider
  2271 | D        | Noticed a spriggan air mage
  2271 | D        | Noticed a spriggan berserker
  2271 | D        | Noticed a spriggan druid
  2271 | D        | Noticed an oklob plant
  2271 | D        | Noticed an oklob plant
  2277 | D        | Killed an anaconda
  2277 | D        | Killed a spriggan rider
  2277 | D        | Killed a wasp
  2277 | D        | Killed a spriggan druid
  2278 | D        | Killed a spriggan druid
  2283 | D        | Slain by a dire elephant

Vault maps used:
D:        sprint_v

Action                   |  1- 3 |  4- 6 |  7- 9 | 10-12 || total
-------------------------+-------+-------+-------+-------++-------
Melee: Great mace        |     4 |     7 |    34 |    56 ||   101
Invok: Upheaval          |       |       |       |     1 ||     1
       Elemental Force   |       |       |       |     3 ||     3
Evoke: Wand              |       |       |     1 |       ||     1
  Use: Potion            |     1 |       |     2 |     9 ||    12
  Eat: Meat ration       |       |       |     1 |       ||     1
       Chunk             |       |       |       |     3 ||     3
